[Event "XII Paracin Festival 2019"]
[Site "Paracin"]
[Date "2019.07.10"]
[Round "7.11"]
[White "Martic, Ivan"]
[Black "Tan, Justin"]
[Result "0-1"]
[ECO "E04"]
[WhiteElo "2392"]
[BlackElo "2513"]
[Annotator "ChessBase"]
[PlyCount "70"]
[EventDate "2019.07.05"]
[EventType "swiss"]
[EventCountry "SRB"]
[SourceTitle "playchess.com"]
[Source "ChessBase"]
[SourceQuality "1"]
[TimeControl "5400+30"]

1. d4 Nf6 2. c4 e6 3. g3 d5 4. Nf3 dxc4 5. Bg2 a6 6. O-O Nc6 7. Nc3 Rb8 8. e4 b5 9. d5 Nb4 10. Ne5 Bd6 11. f4 Bc5+ 12. Kh1 O-O 13. a3 Nd3 14. Nxd3 cxd3 15. Qxd3 exd5 16. Nxd5 Nxd5 17. exd5 Qf6 18. f5 Re8 19. g4 Bb7 20. Qc2 Qd4 21. Bf4 Qxd5 22. Rad1 Qxg2+ 23. Qxg2 Bxg2+ 24. Kxg2 Re2+ 25. Kf3 Rxb2 26. Bxc7 Rc8 27. Rd7 Bxa3 28. g5 Rc2 29. Be5 Re8 30. Bd4 Rd2 31. Ra1 Bc5 32. g6 Rd3+ 33. Kg2 f6 34. Rc7 Bxd4 35. Re1 Be5 0-1

[Event "XII Paracin Festival 2019"]
[Site "Paracin"]
[Date "2019.07.10"]
[Round "7.12"]
[White "Nie, Xinyang"]
[Black "Asadli, Vugar"]
[Result "0-1"]
[ECO "D70"]
[WhiteElo "2375"]
[BlackElo "2502"]
[Annotator "ChessBase"]
[PlyCount "64"]
[EventDate "2019.07.05"]
[EventType "swiss"]
[EventCountry "SRB"]
[SourceTitle "playchess.com"]
[Source "ChessBase"]
[SourceQuality "1"]
[TimeControl "5400+30"]

1. d4 Nf6 2. c4 g6 3. Nf3 Bg7 4. g3 O-O 5. Bg2 d6 6. O-O Bf5 7. Nh4 Bc8 8. Nf3 Bf5 9. Nc3 Ne4 10. Nh4 Nxc3 11. bxc3 Bc8 12. f4 f5 13. e4 fxe4 14. Bxe4 e6 15. Qf3 Nc6 16. Bxc6 bxc6 17. Qxc6 Rb8 18. Qe4 Qd7 19. Nf3 Ba6 20. Qe2 Qc6 21. Qxe6+ Kh8 22. Ng5 Bxc4 23. Qh3 h6 24. Re1 Ba6 25. Bd2 Rb2 26. Rad1 Bb7 27. a4 a5 28. Kf1 Qd5 29. Ne4 Re8 30. Nf2 Rxe1+ 31. Kxe1 Ba6 32. Bc1 Qf3 0-1

[Event "XII Paracin Festival 2019"]
[Site "Paracin"]
[Date "2019.07.10"]
[Round "7.13"]
[White "Stojanovic, Mihajlo"]
[Black "Rabrenovic, Vladan"]
[Result "1-0"]
[ECO "D54"]
[WhiteElo "2483"]
[BlackElo "2326"]
[Annotator "ChessBase"]
[PlyCount "89"]
[EventDate "2019.07.05"]
[EventType "swiss"]
[EventCountry "SRB"]
[SourceTitle "playchess.com"]
[Source "ChessBase"]
[SourceQuality "1"]
[TimeControl "5400+30"]

1. d4 d5 2. c4 e6 3. Nc3 Nf6 4. Bg5 Be7 5. e3 O-O 6. Rc1 h6 7. Bh4 Ne4 8. Bxe7 Qxe7 9. cxd5 Nxc3 10. Rxc3 exd5 11. Bd3 c6 12. Ne2 Nd7 13. Bb1 Nf6 14. f3 Re8 15. O-O Bd7 16. Ng3 h5 17. Qc2 g6 18. Qf2 Rf8 19. Re1 Rae8 20. a3 Qd6 21. h3 Qe7 22. Nf1 Nh7 23. e4 f5 24. e5 Ng5 25. Nd2 Kg7 26. h4 Ne6 27. f4 a5 28. Kf1 b6 29. Ba2 c5 30. dxc5 d4 31. Rcc1 bxc5 32. Kg1 Rb8 33. Nc4 a4 34. Nd6 Rb3 35. Bxb3 axb3 36. Rc4 Bc6 37. Rec1 Be4 38. g3 Rd8 39. Rxc5 Nxc5 40. Rxc5 d3 41. Qd4 Kh6 42. Nf7+ Qxf7 43. Qxd8 d2 44. Qxd2 Ba8 45. Qd8 1-0

[Event "XII Paracin Festival 2019"]
[Site "Paracin"]
[Date "2019.07.10"]
[Round "7.14"]
[White "Stankovic, Milos"]
[Black "Franklin, Samuel G A"]
[Result "1/2-1/2"]
[ECO "C68"]
[WhiteElo "2462"]
[BlackElo "2339"]
[Annotator "ChessBase"]
[PlyCount "53"]
[EventDate "2019.07.05"]
[EventType "swiss"]
[EventCountry "SRB"]
[SourceTitle "playchess.com"]
[Source "ChessBase"]
[SourceQuality "1"]
[TimeControl "5400+30"]

1. e4 e5 2. Nf3 Nc6 3. Bb5 a6 4. Bxc6 dxc6 5. O-O Bg4 6. h3 h5 7. d3 Qf6 8. Nbd2 g5 9. Nc4 Bxf3 10. Qxf3 Qxf3 11. gxf3 f6 12. h4 gxh4 13. f4 b5 14. Ne3 exf4 15. Nf5 Nh6 16. Nxh6 Bxh6 17. Kg2 Rg8+ 18. Kf3 Rg4 19. Rh1 Kd7 20. Bd2 c5 21. Rae1 Ke6 22. a3 Rd8 23. Bc3 c6 24. Rd1 Rd7 25. Rde1 Rd8 26. Rd1 Rd7 27. Rde1 {[%emt 0:01:01] Ke5} 1/2-1/2

[Event "XII Paracin Festival 2019"]
[Site "Paracin"]
[Date "2019.07.10"]
[Round "7.15"]
[White "Pikula, Dejan"]
[Black "Chen, Peng"]
[Result "1/2-1/2"]
[ECO "B90"]
[WhiteElo "2447"]
[BlackElo "2328"]
[Annotator "NA"]
[PlyCount "100"]
[EventDate "2019.07.05"]
[EventType "swiss"]
[EventCountry "SRB"]
[SourceTitle "playchess.com"]
[Source "ChessBase"]
[SourceQuality "1"]
[TimeControl "5400+30"]

1. e4 c5 2. Nf3 d6 3. d4 Nf6 4. Nc3 cxd4 5. Nxd4 a6 6. Nb3 e6 7. g4 h6 8. Bg2 Be7 9. h3 Nc6 10. f4 Qc7 11. Be3 b5 12. a3 Bb7 13. O-O Nd7 14. a4 b4 15. Ne2 O-O 16. f5 exf5 17. gxf5 Nce5 18. Nd2 Nf6 19. Nf4 Rfe8 20. Rc1 Bc6 21. c4 bxc3 22. Rxc3 Qb7 23. Qc2 Bd8 24. Rc1 Bb6 25. Bxb6 Qxb6+ 26. Kh1 Rad8 27. Nd5 Bxd5 28. exd5 Qd4 29. Nc4 Nxc4 30. Rxc4 Qe3 31. b4 Nh5 32. Qc3 Qg5 33. Qf3 Ng3+ 34. Kh2 Nxf5 35. Qf4 Re2 36. Qxg5 hxg5 37. Rc8 Rxc8 38. Rxc8+ Kh7 39. Kg1 Nh4 40. Bh1 Rb2 41. Rb8 a5 42. Rb6 axb4 43. Rxd6 f5 44. Rb6 b3 45. d6 Rd2 46. Rxb3 Rxd6 47. Ra3 Rd1+ 48. Kh2 Rd2+ 49. Kg1 Rd1+ 50. Kh2 Rd2+ 1/2-1/2

[Event "XII Paracin Festival 2019"]
[Site "Paracin"]
[Date "2019.07.10"]
[Round "7.16"]
[White "Avalyan, Artur"]
[Black "Cabarkapa, Novak"]
[Result "1-0"]
[ECO "E70"]
[WhiteElo "2351"]
[BlackElo "2444"]
[Annotator "NA"]
[PlyCount "57"]
[EventDate "2019.07.05"]
[EventType "swiss"]
[EventCountry "SRB"]
[SourceTitle "playchess.com"]
[Source "ChessBase"]
[SourceQuality "1"]
[TimeControl "5400+30"]

1. d4 Nf6 2. c4 g6 3. Nc3 Bg7 4. e4 O-O 5. Be2 c6 6. e5 Ne8 7. Nf3 d6 8. Bf4 f6 9. exd6 exd6 10. Qb3 g5 11. Be3 Kh8 12. O-O-O a6 13. g4 b5 14. h4 Bxg4 15. Rdg1 Bxf3 16. Bxf3 g4 17. Rxg4 f5 18. Rg2 f4 19. Bd2 Bxd4 20. Rhg1 Bg7 21. cxb5 axb5 22. Ne2 d5 23. Nxf4 Qd6 24. Bh5 Ra7 25. Bxe8 Rxe8 26. Kb1 Qe5 27. Nd3 Qf6 28. h5 Rd7 29. h6 1-0

[Event "XII Paracin Festival 2019"]
[Site "Paracin"]
[Date "2019.07.10"]
[Round "7.17"]
[White "Froewis, Georg"]
[Black "Milosevic, Milos"]
[Result "0-1"]
[ECO "A00"]
[WhiteElo "2434"]
[BlackElo "2312"]
[Annotator "NA"]
[PlyCount "74"]
[EventDate "2019.07.05"]
[EventType "swiss"]
[EventCountry "SRB"]
[SourceTitle "playchess.com"]
[Source "ChessBase"]
[SourceQuality "1"]
[TimeControl "5400+30"]

1. g3 Nf6 2. Bg2 e5 3. d3 d5 4. a3 Bd6 5. c4 dxc4 6. Qa4+ Bd7 7. Qxc4 Nc6 8. Nf3 O-O 9. O-O h6 10. b4 a6 11. Bb2 Qe7 12. Nbd2 Rfe8 13. Rac1 a5 14. b5 Na7 15. a4 c6 16. bxc6 Bxc6 17. Qa2 Bd5 18. Qa1 b5 19. axb5 Nxb5 20. e4 Bb7 21. Nc4 Nd7 22. Qa4 Ba6 23. Nxa5 Nc7 24. Nc6 Qe6 25. Qc2 Rac8 26. Rfd1 Nb5 27. Qd2 Nc5 28. Rxc5 Bxc5 29. Ncxe5 Qb3 30. Bh3 Bb4 31. Qf4 Qxd1+ 32. Kg2 Qb3 33. Nh4 Nd6 34. Bxc8 Bxc8 35. Bd4 Nb5 36. Nhf3 Bd6 37. Ba1 f6 0-1

[Event "XII Paracin Festival 2019"]
[Site "Paracin"]
[Date "2019.07.10"]
[Round "7.18"]
[White "Lazov, Toni"]
[Black "Lajthajm, Borko"]
[Result "1-0"]
[ECO "C24"]
[WhiteElo "2313"]
[BlackElo "2424"]
[Annotator "NA"]
[PlyCount "107"]
[EventDate "2019.07.05"]
[EventType "swiss"]
[EventCountry "SRB"]
[SourceTitle "playchess.com"]
[Source "ChessBase"]
[SourceQuality "1"]
[TimeControl "5400+30"]

1. e4 e5 2. Bc4 Nf6 3. d3 c6 4. Nf3 d5 5. Bb3 Bd6 6. exd5 Nxd5 7. O-O O-O 8. Re1 Nd7 9. Nbd2 Bc7 10. Ne4 h6 11. Ng3 Re8 12. d4 exd4 13. Rxe8+ Qxe8 14. Bxd5 cxd5 15. Qxd4 Bb6 16. Qf4 Nf6 17. Be3 Bxe3 18. Qxe3 Qxe3 19. fxe3 Bd7 20. h3 Re8 21. Kf2 g6 22. Rd1 h5 23. Rd4 b6 24. Ke2 Bb5+ 25. Kd2 a5 26. b3 Kg7 27. Rf4 Ba6 28. a4 Re7 29. Nd4 Re5 30. Nf3 Re8 31. Ng5 Bc8 32. Ne2 Re5 33. h4 Re7 34. Nc3 Bb7 35. Nb5 Ne8 36. b4 Bc6 37. bxa5 bxa5 38. Nf3 Bxb5 39. axb5 Nd6 40. Ra4 Nc4+ 41. Kc3 Rxe3+ 42. Kd4 Re2 43. Ra2 Rxg2 44. Kxd5 Rg4 45. Nd4 Nb6+ 46. Kc6 Nc8 47. c3 Rxh4 48. Rxa5 Rf4 49. Kc7 Rf1 50. Kxc8 Rb1 51. c4 Rb4 52. c5 Rxd4 53. b6 h4 54. b7 1-0

[Event "XII Paracin Festival 2019"]
[Site "Paracin"]
[Date "2019.07.10"]
[Round "7.19"]
[White "Janzelj, Tim"]
[Black "Gan-Od, Sereenen"]
[Result "1-0"]
[ECO "B09"]
[WhiteElo "2416"]
[BlackElo "2294"]
[Annotator "NA"]
[PlyCount "145"]
[EventDate "2019.07.05"]
[EventType "swiss"]
[EventCountry "SRB"]
[SourceTitle "playchess.com"]
[Source "ChessBase"]
[SourceQuality "1"]
[TimeControl "5400+30"]

1. d4 g6 2. e4 Bg7 3. Nc3 d6 4. f4 Nf6 5. Nf3 O-O 6. Bd3 Bg4 7. h3 Bxf3 8. Qxf3 Nfd7 9. e5 Nc6 10. Ne2 Nb4 11. Be4 d5 12. Bd3 c5 13. c3 Nxd3+ 14. Qxd3 cxd4 15. cxd4 Qb6 16. O-O e6 17. Bd2 Rac8 18. Bc3 Nb8 19. Kh1 Nc6 20. g4 f5 21. Rg1 Kh8 22. Rg2 Rf7 23. Rh2 Qa6 24. Qf3 b5 25. Qd3 Qb6 26. h4 b4 27. Bd2 fxg4 28. h5 g5 29. h6 Bf8 30. Rg1 b3 31. a3 Ne7 32. Rxg4 Nf5 33. fxg5 Qc6 34. Bc3 Qc4 35. Qh3 Be7 36. Rhg2 Rg8 37. Kh2 Rg6 38. Nf4 Rf8 39. Nxg6+ hxg6 40. Rf2 Kh7 41. Rd2 Rc8 42. Rd3 Qa6 43. Qf3 Rf8 44. Qe2 Rb8 45. Rd2 Qc6 46. Qd3 Qc8 47. Rg1 Rb6 48. Ba5 Ra6 49. Bb4 Bd8 50. Qxb3 Rb6 51. Qd3 Rc6 52. Rgg2 Bb6 53. Bc3 Rc4 54. Rdf2 Qc7 55. Rxf5 exf5 56. Qe3 Rc6 57. Kh1 Qe7 58. Qf3 Qd8 59. Rg1 a5 60. Qg2 a4 61. Re1 Re6 62. Qd2 Qd7 63. Qd3 Bd8 64. Bd2 Be7 65. Rc1 Rb6 66. Qc2 Qb5 67. Bb4 Rb7 68. Bxe7 Rxe7 69. Qc5 Qb7 70. Qb4 Qd7 71. Rc6 f4 72. e6 Qd8 73. Rc4 1-0

[Event "XII Paracin Festival 2019"]
[Site "Paracin"]
[Date "2019.07.10"]
[Round "7.20"]
[White "Maksimovic, Bojan"]
[Black "Harvey, Marcus R"]
[Result "1-0"]
[ECO "C11"]
[WhiteElo "2326"]
[BlackElo "2402"]
[Annotator "NA"]
[PlyCount "59"]
[EventDate "2019.07.05"]
[EventType "swiss"]
[EventCountry "SRB"]
[SourceTitle "playchess.com"]
[Source "ChessBase"]
[SourceQuality "1"]
[TimeControl "5400+30"]

1. e4 e6 2. d4 d5 3. Nc3 Nf6 4. Bg5 dxe4 5. Nxe4 Be7 6. Bxf6 gxf6 7. Nf3 f5 8. Nc3 a6 9. g3 b5 10. Bg2 Bb7 11. O-O c5 12. d5 b4 13. dxe6 bxc3 14. exf7+ Kf8 15. Qe2 Qd6 16. Rad1 Qf6 17. bxc3 Ra7 18. Rfe1 Be4 19. Nh4 Qxf7 20. Bxe4 fxe4 21. Qxe4 Bxh4 22. Qxh4 Kg7 23. Re4 h5 24. Rd6 Rh6 25. Rg4+ Kh7 26. Rxh6+ Kxh6 27. Qg5+ Kh7 28. Rh4 Qg6 29. Rxh5+ Kg7 30. Qe5+ 1-0

[Event "XII Paracin Festival 2019"]
[Site "Paracin"]
[Date "2019.07.10"]
[Round "7.21"]
[White "Savic, Miodrag R"]
[Black "Nandhidhaa, P V"]
[Result "1/2-1/2"]
[ECO "B40"]
[WhiteElo "2503"]
[BlackElo "2259"]
[Annotator "ChessBase"]
[PlyCount "69"]
[EventDate "2019.07.05"]
[EventType "swiss"]
[EventCountry "SRB"]
[SourceTitle "playchess.com"]
[Source "ChessBase"]
[SourceQuality "1"]
[TimeControl "5400+30"]

1. e4 c5 2. Nf3 e6 3. c3 Nf6 4. Bd3 Nc6 5. Bc2 d5 6. e5 Nd7 7. d4 Be7 8. O-O b6 9. Re1 Ba6 10. a3 Rc8 11. Be3 Qc7 12. Bd3 Bxd3 13. Qxd3 O-O 14. Nbd2 cxd4 15. cxd4 Na5 16. b4 Nc4 17. Bg5 Nxd2 18. Qxd2 Bxg5 19. Qxg5 h6 20. Qf4 Nf6 21. Rac1 Qb8 22. Nd2 Rxc1 23. Rxc1 Rc8 24. Nf1 Ne8 25. g4 Rxc1 26. Qxc1 Qc7 27. Qd2 Qc4 28. Ne3 Qc6 29. h4 Nc7 30. Qd3 a6 31. Kg2 Nb5 32. Kf3 Qc1 33. a4 Nc3 34. Kg2 b5 35. axb5 1/2-1/2

[Event "XII Paracin Festival 2019"]
[Site "Paracin"]
[Date "2019.07.10"]
[Round "7.22"]
[White "Raahul V S"]
[Black "Milanovic, Danilo"]
[Result "1-0"]
[ECO "A20"]
[WhiteElo "2251"]
[BlackElo "2492"]
[Annotator "ChessBase"]
[PlyCount "45"]
[EventDate "2019.07.05"]
[EventType "swiss"]
[EventCountry "SRB"]
[SourceTitle "playchess.com"]
[Source "ChessBase"]
[SourceQuality "1"]
[TimeControl "5400+30"]

1. c4 e5 2. g3 Nc6 3. Bg2 Bc5 4. Nc3 a6 5. e3 d6 6. Nge2 Ba7 7. d4 Nge7 8. O-O O-O 9. b3 exd4 10. Nxd4 Nxd4 11. exd4 Nf5 12. Ne2 Rb8 13. Bb2 b5 14. Rc1 bxc4 15. Rxc4 a5 16. Qc2 Ba6 17. Ra4 Re8 18. Re1 Bb5 19. Rxa5 Nxd4 20. Qc3 Qf6 21. Nxd4 Bxd4 22. Rxe8+ Rxe8 23. Qxd4 1-0

[Event "XII Paracin Festival 2019"]
[Site "Paracin"]
[Date "2019.07.10"]
[Round "7.24"]
[White "Soysal, Serkan"]
[Black "Mullick, Raahil"]
[Result "1/2-1/2"]
[ECO "D17"]
[WhiteElo "2431"]
[BlackElo "2211"]
[Annotator "NA"]
[PlyCount "107"]
[EventDate "2019.07.05"]
[EventType "swiss"]
[EventCountry "SRB"]
[SourceTitle "playchess.com"]
[Source "ChessBase"]
[SourceQuality "1"]
[TimeControl "5400+30"]

1. d4 d5 2. c4 c6 3. Nc3 dxc4 4. Nf3 Nf6 5. a4 Bf5 6. Ne5 Nbd7 7. Nxc4 Nb6 8. Ne5 a5 9. e3 h6 10. g4 Bh7 11. h4 e6 12. g5 Nfd7 13. Nxd7 Nxd7 14. Rg1 hxg5 15. hxg5 Bg6 16. Bd3 Bh5 17. Be2 Bg6 18. Bd3 Bh5 19. Qc2 Bb4 20. Bd2 Qe7 21. g6 f5 22. Ne2 Bxe2 23. Kxe2 Nf6 24. Qb3 Bxd2 25. Kxd2 Rh2 26. Rh1 Rxh1 27. Rxh1 O-O-O 28. Qc3 e5 29. Bxf5+ Kb8 30. Kc1 exd4 31. exd4 Nd5 32. Qg3+ Ka7 33. Bc2 Qe2 34. Bd3 Qe7 35. Rd1 Rf8 36. Bc4 Nb6 37. Bf7 Nxa4 38. Qe5 Qb4 39. Rd2 Rh8 40. Qe4 c5 41. Bd5 c4 42. Rc2 c3 43. b3 Nb6 44. Ra2 Qb5 45. Bc4 Nxc4 46. bxc4 Qxc4 47. Rxa5+ Kb6 48. Qe5 Qf1+ 49. Kc2 Qxf2+ 50. Kb3 Qb2+ 51. Ka4 Qa2+ 52. Kb4 Qb2+ 53. Ka4 Qa2+ 54. Kb4 1/2-1/2

[Event "XII Paracin Festival 2019"]
[Site "Paracin"]
[Date "2019.07.10"]
[Round "7.25"]
[White "Lee, Jun Hyeok"]
[Black "Gandhi, Anish"]
[Result "1-0"]
[ECO "A34"]
[WhiteElo "2383"]
[BlackElo "2167"]
[Annotator "NA"]
[PlyCount "75"]
[EventDate "2019.07.05"]
[EventType "swiss"]
[EventCountry "SRB"]
[SourceTitle "playchess.com"]
[Source "ChessBase"]
[SourceQuality "1"]
[TimeControl "5400+30"]

1. Nf3 Nf6 2. c4 c5 3. Nc3 d5 4. cxd5 Nxd5 5. e4 Nb4 6. Bc4 Nd3+ 7. Ke2 Nf4+ 8. Kf1 Ne6 9. b4 cxb4 10. Ne2 Nc7 11. d4 b5 12. Bd3 g6 13. h4 h5 14. e5 Bf5 15. Bxf5 gxf5 16. Qd3 e6 17. Bg5 Be7 18. Rc1 Qd7 19. Nf4 Nba6 20. d5 Nxd5 21. Nxd5 exd5 22. e6 fxe6 23. Ne5 Qb7 24. Rc6 Bxg5 25. hxg5 Nc7 26. Qc2 O-O-O 27. Nf7 Kb8 28. Nxh8 Rxh8 29. g6 d4 30. g7 Rc8 31. Rxh5 d3 32. Qc5 d2 33. Ke2 Rd8 34. Kd1 Qc8 35. Rxc7 Qa6 36. Rxa7 Qxa7 37. Qxa7+ Kxa7 38. Rh8 1-0

[Event "XII Paracin Festival 2019"]
[Site "Paracin"]
[Date "2019.07.10"]
[Round "7.26"]
[White "Tadic, Stefan"]
[Black "Tanriverdi, Enes"]
[Result "1/2-1/2"]
[ECO "B49"]
[WhiteElo "2262"]
[BlackElo "2374"]
[Annotator "NA"]
[PlyCount "108"]
[EventDate "2019.07.05"]
[EventType "swiss"]
[EventCountry "SRB"]
[SourceTitle "playchess.com"]
[Source "ChessBase"]
[SourceQuality "1"]
[TimeControl "5400+30"]

1. e4 c5 2. Nf3 e6 3. d4 cxd4 4. Nxd4 Nc6 5. Nc3 Qc7 6. Be3 a6 7. Be2 Nf6 8. a3 Be7 9. f4 d6 10. g4 Nxd4 11. Qxd4 e5 12. Qd2 exf4 13. Bxf4 Be6 14. g5 Nd7 15. O-O-O Ne5 16. Nd5 Bxd5 17. exd5 Ng6 18. h4 Nxf4 19. Qxf4 O-O 20. Bd3 Rae8 21. h5 Bd8 22. Rde1 Qa5 23. Rxe8 Rxe8 24. c4 Re5 25. Rg1 Bb6 26. Qg4 Be3+ 27. Kb1 Qd8 28. Re1 Bxg5 29. Rxe5 dxe5 30. Qf5 g6 31. hxg6 hxg6 32. Qxe5 Bf6 33. Qe2 Qb6 34. Qc2 Qd4 35. Ka2 a5 36. Be4 Be7 37. Qd3 Qe5 38. d6 Bf6 39. Qc2 Qxd6 40. Bxb7 Bd4 41. Bd5 Kg7 42. Qd2 Qe5 43. Qxa5 Bxb2 44. Qa7 Bc1 45. Qxf7+ Kh6 46. Qf8+ Kg5 47. Qb4 Qe2+ 48. Kb1 Bf4 49. Qb2 Qd1+ 50. Ka2 Bc1 51. Qe5+ Kh6 52. Qh8+ Kg5 53. Qe5+ Kh4 54. Qe4+ Kg5 1/2-1/2

[Event "XII Paracin Festival 2019"]
[Site "Paracin"]
[Date "2019.07.10"]
[Round "7.27"]
[White "Sadykov, Ramil"]
[Black "Ozkan, Taha"]
[Result "1-0"]
[ECO "C02"]
[WhiteElo "2342"]
[BlackElo "2140"]
[Annotator "NA"]
[PlyCount "109"]
[EventDate "2019.07.05"]
[EventType "swiss"]
[EventCountry "SRB"]
[SourceTitle "playchess.com"]
[Source "ChessBase"]
[SourceQuality "1"]
[TimeControl "5400+30"]

1. e4 e6 2. d4 d5 3. e5 c5 4. Nf3 Qb6 5. Bd3 Nc6 6. dxc5 Bxc5 7. O-O Nge7 8. Nc3 Qd8 9. Na4 Bb4 10. c3 Ba5 11. Bf4 Bc7 12. Re1 b6 13. b4 Bb7 14. b5 Na5 15. Nb2 Qd7 16. a4 h6 17. h4 O-O-O 18. Nd4 Kb8 19. Qg4 Rdg8 20. h5 g6 21. Bh2 Nc4 22. Ra2 gxh5 23. Qh3 Rg7 24. Bf1 Rhg8 25. Nd3 Ng6 26. Qxh5 Qe7 27. f4 Na5 28. f5 Qh4 29. Qxh4 Nxh4 30. fxe6 fxe6 31. Rf2 Bc8 32. Nf4 Re7 33. Nh5 Rg5 34. Nf6 Rf7 35. Bf4 Rgg7 36. Bd3 Ng6 37. Bg3 Rf8 38. Bxg6 Rxg6 39. Nd7+ Bxd7 40. Rxf8+ Kb7 41. Bf4 h5 42. Kf2 Nc4 43. Re2 h4 44. Rh8 Rg7 45. Rxh4 Rf7 46. Kg3 Bd8 47. Rh6 Rg7+ 48. Kf3 Bg5 49. Bxg5 Rxg5 50. Kf4 Rg7 51. g4 Rf7+ 52. Rf6 Rxf6+ 53. exf6 e5+ 54. Rxe5 Nxe5 55. Kxe5 1-0

[Event "XII Paracin Festival 2019"]
[Site "Paracin"]
[Date "2019.07.10"]
[Round "7.28"]
[White "Nestorovic, Dejan"]
[Black "Kishan, Gangolli"]
[Result "1/2-1/2"]
[ECO "D58"]
[WhiteElo "2341"]
[BlackElo "2035"]
[Annotator "NA"]
[PlyCount "46"]
[EventDate "2019.07.05"]
[EventType "swiss"]
[EventCountry "SRB"]
[SourceTitle "playchess.com"]
[Source "ChessBase"]
[SourceQuality "1"]
[TimeControl "5400+30"]

1. d4 Nf6 2. c4 e6 3. Nf3 d5 4. Nc3 Be7 5. Bg5 h6 6. Bh4 O-O 7. e3 b6 8. Bd3 Bb7 9. O-O Nbd7 10. Qe2 c5 11. Rfd1 Ne4 12. Bg3 Nxc3 13. bxc3 cxd4 14. cxd4 dxc4 15. Bxc4 Nf6 16. Rac1 Rc8 17. Ba6 Qd5 18. Bc7 Ne4 19. Qb5 Qxb5 20. Bxb5 Ba3 21. Rc2 Bd6 22. Rdc1 Ba3 23. Rd1 Bd6 1/2-1/2

[Event "XII Paracin Festival 2019"]
[Site "Paracin"]
[Date "2019.07.10"]
[Round "7.29"]
[White "O`Donnell, Conor"]
[Black "Ozsoy, Alimert"]
[Result "1/2-1/2"]
[ECO "D17"]
[WhiteElo "2341"]
[BlackElo "2087"]
[Annotator "NA"]
[PlyCount "128"]
[EventDate "2019.07.05"]
[EventType "swiss"]
[EventCountry "SRB"]
[SourceTitle "playchess.com"]
[Source "ChessBase"]
[SourceQuality "1"]
[TimeControl "5400+30"]

1. d4 d5 2. c4 c6 3. Nf3 Nf6 4. Nc3 dxc4 5. a4 Bf5 6. Ne5 Nbd7 7. Nxc4 Nb6 8. Ne5 a5 9. h4 g6 10. h5 gxh5 11. f3 Bg7 12. e4 Bg6 13. Be3 Nbd7 14. Bd3 e6 15. Qd2 O-O 16. O-O-O c5 17. Nxd7 Nxd7 18. d5 exd5 19. Nxd5 Nb6 20. Nxb6 Qxb6 21. Qc2 Qf6 22. Bc4 Rfd8 23. Kb1 Rac8 24. Ka2 Qe5 25. Rd2 Rxd2 26. Bxd2 Qg3 27. Be1 Qc7 28. Rf1 Qc6 29. Bd2 b6 30. Re1 Rd8 31. Bg5 Rd4 32. Be3 Rd8 33. Bg5 Rd4 34. Be3 Rd8 35. Qb3 Qd7 36. Bd5 Kh8 37. Bg5 f6 38. Bh4 Be8 39. Qxb6 Qxa4+ 40. Kb1 Rxd5 41. b3 Rd6 42. Qxd6 Qxb3+ 43. Kc1 Qb4 44. Qd2 Qb3 45. Qb2 Qc4+ 46. Kb1 Qd3+ 47. Ka1 Qd6 48. Bf2 Bf7 49. g3 Qd3 50. Bxc5 Qxf3 51. Bd4 Qxg3 52. Rf1 Qd3 53. Rg1 Qxe4 54. Bxf6 Qa4+ 55. Kb1 Qa2+ 56. Qxa2 Bxa2+ 57. Kxa2 Bxf6 58. Kb3 h6 59. Ka4 Bg5 60. Kxa5 Kg7 61. Kb5 Kf6 62. Kc4 Ke5 63. Kd3 Kf4 64. Ke2 h4 1/2-1/2

[Event "XII Paracin Festival 2019"]
[Site "Paracin"]
[Date "2019.07.10"]
[Round "7.30"]
[White "Audi Ameya"]
[Black "Ulziikhishigjargal, Ochirkhuyag"]
[Result "1-0"]
[ECO "E55"]
[WhiteElo "2328"]
[BlackElo "2017"]
[Annotator "NA"]
[PlyCount "67"]
[EventDate "2019.07.05"]
[EventType "swiss"]
[EventCountry "SRB"]
[SourceTitle "playchess.com"]
[Source "ChessBase"]
[SourceQuality "1"]
[TimeControl "5400+30"]

1. d4 Nf6 2. c4 e6 3. Nc3 Bb4 4. e3 d5 5. Nf3 O-O 6. Bd3 c5 7. O-O dxc4 8. Bxc4 Nbd7 9. a3 Bxc3 10. bxc3 b6 11. Bd3 Bb7 12. Re1 Ne4 13. Bb2 Rc8 14. c4 Ndf6 15. Ne5 Qe7 16. Qa4 Ba8 17. Rad1 Rfd8 18. Bb1 Nd6 19. d5 exd5 20. cxd5 Nxd5 21. Qg4 Nf6 22. Qh4 Qe6 23. f3 h6 24. e4 Nb5 25. Rxd8+ Rxd8 26. Ng4 Nd4 27. e5 Re8 28. Nxf6+ gxf6 29. Bxd4 cxd4 30. Qxh6 fxe5 31. Bh7+ Kh8 32. Bg6+ Kg8 33. Qh7+ Kf8 34. Rxe5 1-0

[Event "XII Paracin Festival 2019"]
[Site "Paracin"]
[Date "2019.07.11"]
[Round "8.2"]
[White "Svetushkin, Dmitry"]
[Black "Song, Raymond"]
[Result "1-0"]
[ECO "B40"]
[WhiteElo "2528"]
[BlackElo "2456"]
[Annotator "ChessBase"]
[PlyCount "82"]
[EventDate "2019.07.05"]
[EventType "swiss"]
[EventCountry "SRB"]
[SourceTitle "playchess.com"]
[Source "ChessBase"]
[SourceQuality "1"]
[TimeControl "5400+30"]

1. e4 c5 2. Nf3 e6 3. Nc3 Nc6 4. Bb5 Nd4 5. O-O a6 6. Bd3 Nc6 7. b3 d6 8. Bb2 Nf6 9. Re1 Be7 10. Bf1 e5 11. Nd5 Nxd5 12. exd5 Nb4 13. c4 Bf5 14. d3 a5 15. a3 Na6 16. Nd2 O-O 17. g3 Bg6 18. h4 f5 19. h5 Be8 20. Bh3 Bg5 21. Rf1 Bh6 22. Bc1 Nc7 23. Rb1 b5 24. Bg2 b4 25. a4 Qf6 26. Bf3 Bd7 27. Kg2 Rae8 28. Re1 Re7 29. Rb2 Ref7 30. Nf1 Ne8 31. Nh2 Bg5 32. Be2 Kh8 33. Rc2 Qh6 34. f4 exf4 35. Nf3 Qxh5 36. Ne5 Qh6 37. Nxf7+ Rxf7 38. Rh1 Qf6 39. gxf4 Bh4 40. Bh5 Rf8 41. Qf3 Qa1 1-0

[Event "XII Paracin Festival 2019"]
[Site "Paracin"]
[Date "2019.07.11"]
[Round "8.3"]
[White "Ratkovic, Miloje"]
[Black "Lorparizangeneh, Shahin"]
[Result "1-0"]
[ECO "E10"]
[WhiteElo "2416"]
[BlackElo "2494"]
[Annotator "ChessBase"]
[PlyCount "125"]
[EventDate "2019.07.05"]
[EventType "swiss"]
[EventCountry "SRB"]
[SourceTitle "playchess.com"]
[Source "ChessBase"]
[SourceQuality "1"]
[TimeControl "5400+30"]

1. d4 Nf6 2. c4 e6 3. Nf3 a6 4. Nc3 d5 5. c5 b6 6. cxb6 cxb6 7. Bf4 Bb7 8. e3 Bd6 9. Bd3 Nc6 10. O-O O-O 11. Rc1 Qb8 12. Bg5 Nd7 13. e4 dxe4 14. Bxe4 Nb4 15. Qe2 Re8 16. Rfe1 b5 17. Ne5 Bxe5 18. dxe5 Bxe4 19. Qxe4 Qxe5 20. Qxe5 Nxe5 21. Rxe5 Nd3 22. Re2 Nxc1 23. Bxc1 Rac8 24. Be3 Red8 25. f3 f6 26. Kf2 Kf7 27. a4 b4 28. Na2 a5 29. Nc1 Rd5 30. Nb3 e5 31. Ke1 Rc6 32. Rd2 Ke6 33. Ke2 Rxd2+ 34. Kxd2 Kd5 35. Kd3 f5 36. Nd2 Rc1 37. Bb6 Rh1 38. h3 Rh2 39. Bxa5 Rxg2 40. Bxb4 Rh2 41. Bf8 e4+ 42. Ke3 g5 43. fxe4+ fxe4 44. a5 Rxh3+ 45. Ke2 Rh2+ 46. Ke3 Rh1 47. a6 Rh3+ 48. Ke2 Rh2+ 49. Ke3 Rh3+ 50. Ke2 Rh2+ 51. Ke1 Rh1+ 52. Nf1 Kc6 53. Bc5 g4 54. Kf2 Rh6 55. b4 Rf6+ 56. Kg2 h5 57. Ne3 Kb5 58. Nd5 Rf3 59. a7 Ra3 60. a8=Q Rxa8 61. Nc7+ Kc4 62. Nxa8 h4 63. Nb6+ 1-0

[Event "XII Paracin Festival 2019"]
[Site "Paracin"]
[Date "2019.07.11"]
[Round "8.4"]
[White "Gadimbayli, Abdulla"]
[Black "Bashirli, Nail"]
[Result "1/2-1/2"]
[ECO "D37"]
[WhiteElo "2414"]
[BlackElo "2367"]
[Annotator "ChessBase"]
[PlyCount "48"]
[EventDate "2019.07.05"]
[EventType "swiss"]
[EventCountry "SRB"]
[SourceTitle "playchess.com"]
[Source "ChessBase"]
[SourceQuality "1"]
[TimeControl "5400+30"]

1. d4 d5 2. Nf3 Nf6 3. c4 e6 4. Nc3 Be7 5. e3 O-O 6. Bd3 b6 7. O-O Bb7 8. b3 Nbd7 9. Bb2 c5 10. Qe2 cxd4 11. exd4 Rc8 12. Rac1 Bb4 13. a3 Bxc3 14. Bxc3 Ne4 15. Bxe4 dxe4 16. Ne5 Nxe5 17. dxe5 Qg5 18. Qe3 Qxe3 19. fxe3 Rfd8 20. Bd4 Rd7 21. Rf2 h6 22. a4 Bc6 23. Rd2 Bb7 24. Rf2 Bc6 1/2-1/2